 Dungeon Crawl Stone Soup version 0.29.0-4-gdea44cf6ec (webtiles) character file.

Game seed: 8828179781240231193

20443 qw the Severer (level 13, -1/103 HPs)
             Began as a Formicid Cinder Acolyte on Sept 3, 2022.
             Was an Initiate of Okawaru.
             Succumbed to a naga's splash of poison
             ... on level 3 of the Lair of Beasts.
             The game lasted 00:07:10 (11279 turns).

qw the Severer (Formicid Cinder Acolyte)           Turns: 11279, Time: 00:07:11

Health: -1/103     AC: 23    Str: 24    XL:     13   Next: 12%
Magic:  14/14      EV:  9    Int:  9    God:    Okawaru [......]
Gold:   842        SH:  6    Dex: 16    Spells: 14/14 levels left

rFire   . . .      SeeInvis +   Y - +6 battleaxe
rCold   + . .      Faith    .   n - +0 buckler
rNeg    . . .      Spirit   .   r - +0 plate armour "Fucaphaw" {Stlth+}
rPois   .          Reflect  .   (helmet unavailable)
rElec   .          Harm     .   m - +0 cloak
rCorr   .          Rampage  .   o - +1 pair of gloves
Will    +....                   e - +0 pair of boots
Stlth   ..........              k - amulet of regeneration
HPRegen 1.07/turn               j - +4 ring of protection
MPRegen 0.14/turn               c - ring of Omuudwof {rC+ Int-5 Dex+7 SInv Stlth+}

@: lethally poisoned (-1 -> -4), fire susceptible
A: permanent stasis, dig shafts and tunnels, antennae 3, four strong arms
a: Dig, Shaft Self, Renounce Religion


You were on level 3 of the Lair of Beasts.
You worshipped Okawaru.
Okawaru was noncommittal.
You visited 3 branches of the dungeon, and saw 13 of its levels.

You collected 842 gold pieces.


Innate Abilities, Weirdness & Mutations

You cannot be hasted, slowed, berserked, paralysed or teleported.
You can dig through walls and to a lower floor.
You have a pair of large antennae on your head. (SInv)
Your four strong arms can wield two-handed weapons with a shield.


   Skills:
 - Level 10.0 Fighting
 - Level 15.0 Axes
 - Level 1.9 Throwing
 + Level 9.9 Armour
 - Level 4.2 Dodging
 - Level 8.0 Shields
 - Level 1.1 Spellcasting
 - Level 3.0 Fire Magic


You had 14 spell levels left.
You didn't know any spells.
Your spell library contained the following spells:

 Spells                   Type           Power      Damage    Failure   Level
 Scorch                   Fire           10%        2d5       91%         2

Inventory:

Hand Weapons
 g - a -1 hand axe of flaming
 Y - a +6 battleaxe (weapon)
Armour
 e - a +0 pair of boots (worn)
 m - a +0 cloak (worn)
 n - a +0 buckler (worn)
 o - a +1 pair of gloves (worn)
 p - a +0 kite shield
 r - the +0 plate armour "Fucaphaw" (worn) {Stlth+}
   (You found it on level 6 of the Dungeon)

   Stlth:     It makes you more stealthy.
Jewellery
 c - the ring of Omuudwof (right hand) {rC+ Int-5 Dex+7 SInv Stlth+}
   (You found it on level 4 of the Dungeon)

   [ring of protection from cold]

   Int:       It affects your intelligence (-5).
   Dex:       It affects your dexterity (+7).
   rC:        It protects you from cold.
   SInv:      It lets you see invisible.
   Stlth:     It makes you more stealthy.
 i - a ring of protection from fire
 j - a +4 ring of protection (left hand)
 k - an amulet of regeneration (around neck)
Scrolls
 a - a scroll of identify
Potions
 b - a potion of resistance
 d - 6 potions of curing
 f - a potion of haste
 h - 2 potions of might
 l - 2 potions of cancellation

Dungeon Overview and Level Annotations

Branches:
Dungeon (8/15)             Temple (1/1) D:5            Lair (4/5) D:8
  Snake (0/4) Lair:3
  Swamp: Lair:2-3    Shoals: Lair:2-3     Slime: Lair:4-5

Altars:
Dithmenos
Fedhas
Hepliaklqana
Kikubaaqudgha
Makhleb
Nemelex Xobeh
Okawaru
Qazlal
Sif Muna
Uskayaw
Vehumet
Wu Jian
Xom
Zin
The Shining One


Message History

You block the torpor snail's attack.
You hit the naga but do no damage.
The naga is lightly wounded.
You slash the torpor snail! You slash the black mamba! You hit the yak.
You feel very sick. The black mamba bites you. You block the naga's attack.
The yak gores you but does no damage. The naga spits poison at you.
The splash of poison misses you. The naga constricts you.
The black mamba bites you but does no damage.
The torpor snail bites you but does no damage.
You hit the naga but do no damage.
The naga is lightly wounded.
You slash the torpor snail! You barely miss the black mamba. You hit the yak.
You feel sick. The black mamba bites you!
The naga hits you from afar with a +0 halberd!
The yak gores you. You block the naga's attack. The naga constricts you.
The black mamba bites you!
11277 ||| DRINKING potion of heal wounds.
You feel much better.
You feel sick. The black mamba bites you! The naga barely misses you.
The yak gores you but does no damage. You block the naga's attack.
The naga constricts you. The torpor snail bites you!
You slice the naga!!
The naga is severely wounded.
You hit the torpor snail. You hit the black mamba. You slash the yak!
You kill the yak!
Okawaru accepts your kill.
You feel sick. You block the black mamba's attack.
The naga hits you from afar with a +0 halberd!
The black mamba bites you but does no damage.
The naga spits poison at you.
The splash of poison hits you but does no damage.
You are more poisoned.
The naga constricts you. The torpor snail barely misses you.
You slice the naga!!
You kill the naga!
Okawaru accepts your kill.
You completely miss the torpor snail. You hit the black mamba.
You die...

.##. ..# #.%%%7777 #...
..### #.......7
###../###...###...7..77
#.......##.........7.77
#.......##.#.....7.77.7
....................7.77
....>.....$...777..7.7.7
......)%......#77.7...7.
#....Nw@##..#..#77......
#.....S.#....#......7..7
###...###..##..##....7..
...... #..#..##777..7.7~
..... ....### .7..7~~
..... ...P .7.7.~~# ....
.. . ~.## .... 77 ~ ~##
7~ 7#{


You could see a torpor snail, a black mamba and a naga.

Vanquished Creatures
  A hydra (Lair:2)
  A boulder beetle (Lair:2)
  A catoblepas (Lair:4)
  Pikel (D:7)
  An oklob plant (Lair:4)
  5 elephants
  A black mamba (Lair:1)
  3 cane toads
  2 komodo dragons (Lair:2)
  3 rime drakes
  A queen bee (Lair:2)
  3 polar bears (Lair:4)
  3 blink frogs (Lair:2)
  7 dream sheep (Lair:4)
  Prince Ribbit (Lair:2)
  2 wyverns
  15 yaks
  A basilisk (Lair:2)
  A naga (Lair:3)
  9 water moccasins
  5 orc warriors
  4 sky beasts (D:7)
  A black bear (D:8)
  An ice beast (D:5)
  9 wolves
  2 ogres (D:5)
  A centaur (D:7)
  A lemure (D:7)
  A kobold brigand (D:7)
  5 bullfrogs
  2 gnoll sergeants
  3 scorpions
  4 necrophages
  20 wights
  49 killer bees
  A howler monkey (D:5)
  4 hounds
  2 jellies
  4 orc priests
  2 gnoll boudas
  3 iguanas (D:5)
  4 orc wizards
  Natasha (thrice) (D:3)
  27 gnolls
  11 adders
  2 river rats (Lair:2)
  A shadow imp (D:7)
  2 white imps
  4 ufetubi
  3 worms
  5 dart slugs
  29 orcs
  5 endoplasms
  4 giant cockroaches
  10 hobgoblins
  4 jackals (D:2)
  13 kobolds
  5 quokkas
  7 ball pythons
  5 bats
  2 frilled lizards
  3 goblins
  5 rats
340 creatures vanquished.

Vanquished Creatures (others)
  A bush (Lair:2)
  29 fungi
  37 plants
67 creatures vanquished.

Grand Total: 407 creatures vanquished

Notes
Turn   | Place    | Note
-------+----------+-------------------------------------------
     0 | D:1      | qw the Formicid Cinder Acolyte began the quest for the Orb.
     0 | D:1      | Reached XP level 1. HP: 18/18 MP: 2/2
     0 | D:1      | 0 ||| qw: Version: 0.1-a-102-g441f92d
     0 | D:1      | 0 ||| qw: Game counter: 5090
     0 | D:1      | 0 ||| qw: Always use a shield: true
     0 | D:1      | 0 ||| qw: God list: Okawaru
     0 | D:1      | 0 ||| qw: Allow faded altars: false
     0 | D:1      | 0 ||| qw: Do Orc after D:15 true
     0 | D:1      | 0 ||| qw: Do second Lair branch before Depths: true
     0 | D:1      | 0 ||| qw: Lair rune preference: random
     0 | D:1      | 0 ||| qw: Plans: Normal
     0 | D:1      | 0 ||| PLANNING D:1-11
   107 | D:1      | Reached XP level 2. HP: 20/24 MP: 3/3
   265 | D:1      | 265 ||| Stepping ~*~*~tactically~*~*~ (hiding).
   367 | D:1      | 367 ||| Stepping ~*~*~tactically~*~*~ (hiding).
  1009 | D:1      | 1009 ||| UPGRADING to +0 pair of boots.
  1014 | D:1      | 1014 ||| UPGRADING to +0 leather armour.
  1024 | D:1      | 1024 ||| DROPPING +0 robe.
  1025 | D:1      | 1025 ||| DROPPING amulet of magic regeneration.
  1026 | D:1      | 1026 ||| UPGRADING to +4 ring of protection.
  1027 | D:1      | 1027 ||| READING scroll labelled UNTIAXU BAUF.
  1028 | D:1      | 1028 ||| READING scroll labelled NYUDUNEPLO.
  1129 | D:1      | 1129 ||| READING scroll labelled CIYMUJ LORGHENA.
  1130 | D:1      | 1130 ||| READING scroll labelled ATORGH CASIA.
  1131 | D:1      | 1131 ||| READING scroll labelled UMIJYO VOWNU.
  1165 | D:2      | 1165 ||| STAIRDANCE
  1242 | D:2      | Reached skill level 4 in Axes
  1242 | D:2      | Reached XP level 3. HP: 29/29 MP: 4/4
  1275 | D:2      | 1275 ||| Stepping ~*~*~tactically~*~*~ (stealth).
  1277 | D:2      | 1277 ||| Stepping ~*~*~tactically~*~*~ (stealth).
  1315 | D:2      | 1315 ||| Stepping ~*~*~tactically~*~*~ (stealth).
  1353 | D:2      | Reached XP level 4. HP: 26/35 MP: 5/5
  1675 | D:2      | Found a faded altar of an unknown god.
  1870 | D:2      | 1870 ||| UPGRADING to +0 ring mail.
  1880 | D:2      | 1880 ||| DROPPING +0 leather armour.
  1881 | D:2      | 1881 ||| READING 4 scrolls labelled EMEANO FYOGUOKH.
  1882 | D:2      | 1882 ||| READING 3 scrolls of identify.
  1882 | D:2      | 1882 ||| IDENTIFYING bubbling golden potion
  1883 | D:2      | 1883 ||| READING 2 scrolls of identify.
  1883 | D:2      | 1883 ||| IDENTIFYING smoky amethyst potion
  1884 | D:2      | 1884 ||| DROPPING potion of attraction.
  1908 | D:3      | 1908 ||| Stepping ~*~*~tactically~*~*~ (stealth).
  1909 | D:3      | 1909 ||| Stepping ~*~*~tactically~*~*~ (stealth).
  1981 | D:3      | Reached skill level 1 in Armour
  2297 | D:3      | Noticed Natasha
  2304 | D:3      | Killed Natasha
  2305 | D:3      | Reached skill level 5 in Axes
  2305 | D:3      | Reached XP level 5. HP: 31/41 MP: 6/6
  2306 | D:3      | Noticed Natasha
  2307 | D:3      | 2307 ||| Stepping ~*~*~tactically~*~*~ (hiding).
  2325 | D:3      | Killed Natasha
  2326 | D:3      | Reached skill level 1 in Dodging
  2342 | D:3      | Noticed Natasha
  2343 | D:3      | 2343 ||| FLEEEEING.
  2344 | D:3      | 2344 ||| FLEEEEING.
  2345 | D:3      | 2345 ||| FLEEEEING.
  2346 | D:3      | 2346 ||| FLEEEEING.
  2347 | D:3      | 2347 ||| FLEEEEING.
  2353 | D:3      | 2353 ||| FLEEEEING.
  2354 | D:3      | 2354 ||| FLEEEEING.
  2355 | D:3      | 2355 ||| FLEEEEING.
  2356 | D:3      | 2356 ||| FLEEEEING.
  2361 | D:3      | 2361 ||| FLEEEEING.
  2362 | D:3      | 2362 ||| Stepping ~*~*~tactically~*~*~ (hiding).
  2368 | D:3      | 2368 ||| INVOKING Fiery Armour.
  2369 | D:3      | Killed Natasha
  2801 | D:3      | 2801 ||| UPGRADING to +0 scale mail.
  2811 | D:3      | 2811 ||| DROPPING +0 ring mail.
  2812 | D:3      | 2812 ||| UPGRADING to +0 cloak.
  2817 | D:3      | 2817 ||| UPGRADING to amulet of regeneration.
  2822 | D:3      | 2822 ||| READING 2 scrolls of identify.
  2822 | D:3      | 2822 ||| IDENTIFYING sapphire potion
  2823 | D:3      | 2823 ||| DROPPING potion of lignification.
  2850 | D:4      | Identified the ring of Omuudwof {rC+ Int-5 Dex+7 SInv
                  | Stlth+}
  2878 | D:4      | 2878 ||| INVOKING Fiery Armour.
  2883 | D:4      | Reached XP level 6. HP: 40/47 MP: 7/7
  2911 | D:4      | 2911 ||| Stepping ~*~*~tactically~*~*~ (stealth).
  2911 | D:4      | Found a blossoming altar of Fedhas.
  2917 | D:4      | 2917 ||| Stepping ~*~*~tactically~*~*~ (hiding).
  2917 | D:4      | Found a stormy altar of Qazlal.
  2927 | D:4      | Reached skill level 6 in Axes
  2972 | D:4      | 2972 ||| Stepping ~*~*~tactically~*~*~ (stealth).
  3017 | D:4      | Reached XP level 7. HP: 54/54 MP: 8/8
  3124 | D:4      | 3124 ||| Stepping ~*~*~tactically~*~*~ (stealth).
  3126 | D:4      | 3126 ||| Stepping ~*~*~tactically~*~*~ (stealth).
  3131 | D:4      | 3131 ||| Stepping ~*~*~tactically~*~*~ (stealth).
  3139 | D:4      | 3139 ||| Stepping ~*~*~tactically~*~*~ (stealth).
  3525 | D:4      | 3525 ||| UPGRADING to +0 pair of gloves.
  3530 | D:4      | 3530 ||| UPGRADING to ring of Omuudwof {rC+ Int-5 Dex+7
                  | SInv Stlth+}.
  3531 | D:4      | 3531 ||| DROPPING ring of ice.
  3532 | D:4      | 3532 ||| READING 2 scrolls of identify.
  3532 | D:4      | 3532 ||| IDENTIFYING dark potion
  3551 | D:5      | Entered Level 5 of the Dungeon
  3610 | D:5      | Noticed a water moccasin
  3631 | D:5      | 3631 ||| INVOKING Fiery Armour.
  3633 | D:5      | Killed a water moccasin
  3634 | D:5      | Reached skill level 7 in Axes
  3704 | D:5      | Reached XP level 8. HP: 56/60 MP: 9/9
  3718 | D:5      | 3718 ||| Stepping ~*~*~tactically~*~*~ (stealth).
  3722 | D:5      | 3722 ||| Stepping ~*~*~tactically~*~*~ (stealth).
  3775 | D:5      | 3775 ||| Stepping ~*~*~tactically~*~*~ (stealth).
  3834 | D:5      | Reached skill level 1 in Throwing
  3890 | D:5      | You fall into a shaft and drop 2 floors!
  3926 | D:7      | Reached skill level 8 in Axes
  3956 | D:7      | 3956 ||| INVOKING Fiery Armour.
  3961 | D:7      | Reached skill level 3 in Armour
  4006 | D:7      | Reached skill level 9 in Axes
  4006 | D:7      | Reached XP level 9. HP: 48/68 MP: 10/10
  4072 | D:7      | 4072 ||| Stepping ~*~*~tactically~*~*~ (hiding).
  4075 | D:7      | 4075 ||| Stepping ~*~*~tactically~*~*~ (hiding).
  4076 | D:7      | 4076 ||| Stepping ~*~*~tactically~*~*~ (hiding).
  4091 | D:7      | Reached skill level 6 in Fighting
  4163 | D:7      | 4163 ||| Stepping ~*~*~tactically~*~*~ (hiding).
  4182 | D:7      | 4182 ||| INVOKING Fiery Armour.
  4227 | D:7      | 4227 ||| Stepping ~*~*~tactically~*~*~ (stealth).
  4427 | D:7      | Reached skill level 10 in Axes
  4442 | D:7      | Reached skill level 3 in Dodging
  4475 | D:7      | 4475 ||| Stepping ~*~*~tactically~*~*~ (stealth).
  4500 | D:7      | 4500 ||| SWAPPING to +4 hand axe.
  4501 | D:7      | 4501 ||| UPGRADING to +0 buckler.
  4506 | D:7      | 4506 ||| DROPPING +6 ring of dexterity.
  4507 | D:7      | 4507 ||| READING 3 scrolls of identify.
  4507 | D:7      | 4507 ||| IDENTIFYING sedimented grey potion
  4508 | D:7      | 4508 ||| READING 2 scrolls of identify.
  4508 | D:7      | 4508 ||| IDENTIFYING fuming green potion
  4509 | D:7      | 4509 ||| DROPPING potion of berserk rage.
  4510 | D:7      | 4510 ||| DROPPING potion of flight.
  4528 | D:6      | 4528 ||| Stepping ~*~*~tactically~*~*~ (stealth).
  4530 | D:6      | 4530 ||| Stepping ~*~*~tactically~*~*~ (hiding).
  4546 | D:6      | Reached skill level 1 in Shields
  4549 | D:6      | 4549 ||| INVOKING Fiery Armour.
  4593 | D:6      | Reached skill level 3 in Shields
  4594 | D:6      | 4594 ||| READING 2 scrolls of identify.
  4594 | D:6      | 4594 ||| IDENTIFYING green potion
  4759 | D:5      | 4759 ||| Stepping ~*~*~tactically~*~*~ (hiding).
  4765 | D:5      | Found a shimmering altar of Xom.
  5191 | D:5      | Found a staircase to the Ecumenical Temple.
  5287 | D:5      | 5287 ||| Stepping ~*~*~tactically~*~*~ (hiding).
  5690 | D:5      | 5690 ||| READING 2 scrolls labelled SATWOONAEM.
  5691 | D:5      | 5691 ||| READING 2 scrolls labelled ZURPHE IGAS.
  5692 | D:5      | 5692 ||| READING scroll of enchant weapon.
  5692 | D:5      | 5692 ||| ENCHANTING +5 hand axe.
  5693 | D:5      | 5693 ||| DROPPING scroll of fear.
  5694 | D:5      | 5694 ||| Stepping randomly (stuck).
  5695 | D:5      | 5695 ||| Stepping randomly (stuck).
  5696 | D:5      | 5696 ||| Stepping randomly (stuck).
  5697 | D:5      | 5697 ||| Stepping randomly (stuck).
  5698 | D:5      | 5698 ||| Stepping randomly (stuck).
  5699 | D:5      | 5699 ||| Stepping randomly (stuck).
  5700 | D:5      | 5700 ||| Stepping randomly (stuck).
  5736 | D:6      | Found a shadowy altar of Dithmenos.
  5748 | D:6      | 5748 ||| Stepping ~*~*~tactically~*~*~ (stealth).
  6071 | D:6      | Found a glowing silver altar of Zin.
  6089 | D:6      | 6089 ||| Stepping ~*~*~tactically~*~*~ (stealth).
  6094 | D:6      | 6094 ||| Stepping ~*~*~tactically~*~*~ (hiding).
  6097 | D:6      | 6097 ||| Stepping ~*~*~tactically~*~*~ (hiding).
  6102 | D:6      | Reached XP level 10. HP: 77/77 MP: 11/11
  6223 | D:6      | Identified the +0 plate armour "Fucaphaw" {Stlth+}
  6248 | D:6      | 6248 ||| Stepping ~*~*~tactically~*~*~ (hiding).
  6395 | D:6      | Found a sparkling altar of Nemelex Xobeh.
  6532 | D:6      | 6532 ||| UPGRADING to +0 chain mail.
  6542 | D:6      | 6542 ||| DROPPING +0 scale mail.
  6543 | D:6      | 6543 ||| UPGRADING to +0 plate armour "Fucaphaw" {Stlth+}.
  6553 | D:6      | 6553 ||| DROPPING +0 chain mail.
  6554 | D:6      | 6554 ||| READING scroll labelled TAL HO FEKYIRR.
  6555 | D:6      | 6555 ||| DRINKING 2 puce potions.
  6630 | D:7      | 6630 ||| DRINKING 4 potions of curing.
  6630 | D:7      | 6630 ||| (to cure confusion)
  6652 | D:7      | 6652 ||| Stepping ~*~*~tactically~*~*~ (stealth).
  6654 | D:7      | 6654 ||| SWAPPING to +0 battleaxe.
  6655 | D:7      | 6655 ||| DROPPING +6 hand axe.
  6954 | D:7      | Reached skill level 6 in Armour
  7168 | D:7      | 7168 ||| READING scroll labelled MUAXUI QIEF.
  7169 | D:7      | 7169 ||| Stepping randomly (stuck).
  7170 | D:7      | 7170 ||| Stepping ~*~*~tactically~*~*~ (cloud).
  7215 | D:8      | Noticed Pikel
  7218 | D:8      | 7218 ||| STAIRDANCE
  7228 | D:8      | 7228 ||| STAIRDANCE
  7242 | D:7      | Killed Pikel
  7399 | D:8      | 7399 ||| Stepping ~*~*~tactically~*~*~ (hiding).
  7400 | D:8      | 7400 ||| Stepping ~*~*~tactically~*~*~ (hiding).
  7406 | D:8      | Reached skill level 11 in Axes
  7507 | D:8      | 7507 ||| SWAPPING to +5 battleaxe.
  7508 | D:8      | 7508 ||| DROPPING +0 battleaxe.
  7625 | D:8      | Found a burning altar of Makhleb.
  7640 | D:8      | 7640 ||| INVOKING Fiery Armour.
  7759 | D:8      | Found a staircase to the Lair.
  7970 | D:8      | 7970 ||| PLANNING LAIR
  7970 | D:8      | 7970 ||| DROPPING ring of wizardry.
  7971 | D:8      | 7971 ||| READING 3 scrolls labelled DOHYR VIANGYMM.
  7972 | D:8      | 7972 ||| READING scroll labelled YSIBBIZ XEXYUDI.
  7973 | D:8      | 7973 ||| READING 3 scrolls of identify.
  7973 | D:8      | 7973 ||| IDENTIFYING ruby potion
  7974 | D:8      | 7974 ||| DROPPING 2 scrolls of blinking.
  8011 | Lair:1   | Entered Level 1 of the Lair of Beasts
  8034 | Lair:1   | 8034 ||| READING scroll of enchant weapon.
  8034 | Lair:1   | 8034 ||| ENCHANTING +5 battleaxe.
  8087 | Lair:1   | Noticed a cane toad
  8099 | Lair:1   | Killed a cane toad
  8100 | Lair:1   | Reached skill level 6 in Shields
  8100 | Lair:1   | Reached XP level 11. HP: 62/86 MP: 12/12
  8258 | Lair:1   | Reached skill level 12 in Axes
  8684 | Lair:1   | 8684 ||| READING 2 scrolls of identify.
  8684 | Lair:1   | 8684 ||| IDENTIFYING fizzy dark potion
  8706 | Lair:2   | 8706 ||| Stepping ~*~*~tactically~*~*~ (stealth).
  8709 | Lair:2   | 8709 ||| STAIRDANCE
  8721 | Lair:2   | 8721 ||| STAIRDANCE
  8754 | Lair:2   | 8754 ||| STAIRDANCE
  8863 | Lair:2   | 8863 ||| Stepping ~*~*~tactically~*~*~ (stealth).
  8866 | Lair:2   | 8866 ||| Stepping ~*~*~tactically~*~*~ (stealth).
  8882 | Lair:2   | Noticed a seven-headed hydra
  8883 | Lair:2   | 8883 ||| Stepping ~*~*~tactically~*~*~ (stealth).
  8888 | Lair:2   | 8888 ||| INVOKING Fiery Armour.
  8890 | Lair:2   | Noticed Prince Ribbit
  8916 | Lair:2   | Killed Prince Ribbit
  8917 | Lair:2   | Reached skill level 13 in Axes
  8945 | Lair:2   | 8945 ||| READING scroll of enchant armour.
  8945 | Lair:2   | 8945 ||| ENCHANTING +0 pair of gloves.
  8965 | Lair:2   | 8965 ||| SWAPPING to -1 hand axe of flaming.
  8972 | Lair:2   | Killed a six-headed hydra
  8973 | Lair:2   | Reached skill level 9 in Fighting
  8973 | Lair:2   | 8973 ||| SWAPPING to +6 battleaxe.
  9180 | Lair:2   | You fall into a shaft and drop 2 floors!
  9180 | Lair:4   | Noticed an oklob plant
  9181 | Lair:4   | 9181 ||| INVOKING Fiery Armour.
  9188 | Lair:4   | Killed an oklob plant
  9189 | Lair:4   | Reached XP level 12. HP: 80/95 MP: 13/13
  9220 | Lair:4   | Reached skill level 9 in Armour
  9233 | Lair:4   | Noticed a catoblepas
  9236 | Lair:4   | 9236 ||| Stepping ~*~*~tactically~*~*~ (cloud).
  9239 | Lair:4   | 9239 ||| Stepping ~*~*~tactically~*~*~ (cloud).
  9243 | Lair:4   | 9243 ||| Stepping ~*~*~tactically~*~*~ (cloud).
  9245 | Lair:4   | Killed a catoblepas
  9390 | Lair:4   | 9390 ||| INVOKING Fiery Armour.
  9392 | Lair:4   | 9392 ||| Stepping ~*~*~tactically~*~*~ (stealth).
  9399 | Lair:4   | Reached skill level 14 in Axes
  9628 | Lair:2   | 9628 ||| Stepping ~*~*~tactically~*~*~ (stealth).
  9630 | Lair:2   | 9630 ||| Stepping ~*~*~tactically~*~*~ (hiding).
  9632 | Lair:2   | 9632 ||| Stepping ~*~*~tactically~*~*~ (stealth).
  9634 | Lair:2   | 9634 ||| Stepping ~*~*~tactically~*~*~ (stealth).
  9671 | Lair:2   | 9671 ||| Stepping ~*~*~tactically~*~*~ (stealth).
  9706 | Lair:2   | 9706 ||| Stepping ~*~*~tactically~*~*~ (hiding).
  9707 | Lair:2   | 9707 ||| Stepping ~*~*~tactically~*~*~ (hiding).
  9790 | Lair:2   | 9790 ||| Stepping ~*~*~tactically~*~*~ (stealth).
  9844 | Lair:2   | 9844 ||| Stepping ~*~*~tactically~*~*~ (stealth).
  9949 | Lair:2   | Found an ornate altar of the Wu Jian Council.
  9949 | Lair:2   | Found a hide-covered altar of Uskayaw.
  9949 | Lair:2   | Noticed a boulder beetle
  9950 | Lair:2   | 9950 ||| INVOKING Fiery Armour.
  9966 | Lair:2   | Killed a boulder beetle
 10178 | Lair:2   | 10178 ||| Stepping ~*~*~tactically~*~*~ (stealth).
 10180 | Lair:2   | 10180 ||| Stepping ~*~*~tactically~*~*~ (stealth).
 10183 | Lair:2   | 10183 ||| Stepping ~*~*~tactically~*~*~ (stealth).
 10189 | Lair:2   | 10189 ||| Stepping ~*~*~tactically~*~*~ (stealth).
 10190 | Lair:2   | 10190 ||| Stepping ~*~*~tactically~*~*~ (stealth).
 10205 | Lair:2   | 10205 ||| Stepping ~*~*~tactically~*~*~ (stealth).
 10218 | Lair:2   | 10218 ||| INVOKING Fiery Armour.
 10229 | Lair:2   | Reached skill level 15 in Axes
 10236 | Lair:2   | 10236 ||| Stepping ~*~*~tactically~*~*~ (stealth).
 10246 | Lair:2   | Reached XP level 13. HP: 58/103 MP: 14/14
 10471 | Lair:2   | 10471 ||| PLANNING TEMPLE
 10471 | Lair:2   | 10471 ||| DRINKING 4 brown potions.
 10572 | Lair:2   | 10572 ||| DROPPING 3 potions of ambrosia.
 10745 | Temple   | Entered the Ecumenical Temple
 10804 | Temple   | 10804 ||| PLANNING CONVERSION TO OKAWARU
 10810 | Temple   | Fell from the grace of Ignis
 10810 | Temple   | Became a worshipper of Warmaster Okawaru
 10811 | Temple   | 10811 ||| PLANNING LAIR
 11213 | Lair:3   | 11213 ||| Stepping ~*~*~tactically~*~*~ (stealth).
 11215 | Lair:3   | 11215 ||| Stepping ~*~*~tactically~*~*~ (stealth).
 11262 | Lair:3   | Found a staircase to the Snake Pit.
 11273 | Lair:3   | HP: 24/103 [constriction (2)]
 11274 | Lair:3   | 11274 ||| DRINKING 2 potions of heal wounds.
 11276 | Lair:3   | HP: 8/103 [black mamba (7)]
 11277 | Lair:3   | 11277 ||| DRINKING potion of heal wounds.
 11278 | Lair:3   | HP: 1/103 [naga/+0 halberd (9)]
 11279 | Lair:3   | Succumbed to a naga's splash of poison

Levels and vault maps discovered:
D:1:      ebering_trefoil_twist, layout_basic
D:2:      layout_rooms, ebering_ecumenical_altar_abandoned
D:3:      minmay_spotlight, layout_rooms, minmay_shallow_snake_nest,
          uniq_natasha
D:4:      layout_basic, grunt_temple_overflow_forces_of_nature,
          kennysheep_generic_room_7
D:5:      layout_basic, xom_teletrap_fun, lemuel_temple_firewalk_b
D:6:      layout_basic, nemelex_altar_shiori, nicolae_dithmenos_the_darkroom,
          kennysheep_mini, eino_curves_04, hangedman_decor_growths,
          grunt_decor_arrowhead, kennysheep_cluttered_room,
          minmay_tree_intersection
D:7:      layout_gridville, chequers_serial_rivers_room_a, st_stairs_12,
          kennysheep_small_circle
D:8:      layout_gridville, mainiacjoe_overflow_boulevard,
          grunt_lair_entry_orc_guard_hut, uniq_pikel
Temple:   hellmonk_temple_flake
Lair:1:   layout_hall_layers, st_stairs_9
Lair:2:   regret_index_wax_grids, layout_small_grid,
          nzn_masters_of_martial_movement, uniq_prince_ribbit2
Lair:3:   wad_woods_minihive, layout_cave_pods, skrybe_swamp_entry_bodies,
          minmay_snake_entry_guardpost_small
Lair:4:   beast_lair_carwin_large_3, layout_cave_pods, slime_entry_2,
          cheibrodos_lair_lostbears

Skill      XL: |  1  2  3  4  5  6  7  8  9 10 11 12 13 |
---------------+----------------------------------------+-----
Axes           | 4 5 6 7 9 10 11 13 15 | 15.0
Armour         | 1 2 3 4 7 8 9 |  9.9
Dodging        | 1 2 3 4 |  4.2
Fighting       | 4 5 6 8 9 10 | 10.0
Throwing       | 1 |  1.9
Shields        | 5 6 7 8 |  8.0
Spellcasting   | |  1.1
Fire Magic     | |  3.0

Action                   |  1- 3 |  4- 6 |  7- 9 | 10-12 | 13-15 || total
-------------------------+-------+-------+-------+-------+-------++-------
Melee: Hand axe          |    84 |   172 |   378 |    61 |       ||   695
       Punch             |     3 |     2 |     4 |       |       ||     9
       Battleaxe         |       |       |       |   402 |    50 ||   452
Throw: Boomerang         |       |     2 |    44 |       |       ||    46
Invok: Fiery Armour      |       |     2 |     4 |     6 |       ||    12
  Use: Scroll            |     5 |     4 |     7 |     8 |       ||    24
       Potion            |       |       |       |     2 |     3 ||     5
Armor: Robe              |     4 |       |       |       |       ||     4
       Leather armour    |    28 |    13 |       |       |       ||    41
       Ring mail         |       |    20 |       |       |       ||    20
       Scale mail        |       |    44 |   195 |    11 |       ||   250
       Plate armour      |       |       |       |   264 |    56 ||   320
Dodge: Dodged            |    49 |    86 |   205 |   191 |    44 ||   575
Block: Buckler           |       |       |    10 |   131 |    48 ||   189

Table legend:
 A = Non-vault XP
 B = Vault XP
 C = Vault XP percentage of total XP
 D = Non-vault monster count
 E = Vault monster count
 F = Vault count percentage of total count
                 A         B        C        D         E       F
            +---------+---------+-------+---------+---------+-------
      Total |   16923 |   12451 |  42.4 |     243 |      96 |  28.3
            +---------+---------+-------+---------+---------+-------
        D:1 |      26 |       0 |   0.0 |      14 |       0 |   0.0
        D:2 |      66 |       0 |   0.0 |      23 |       0 |   0.0
        D:3 |      95 |      58 |  37.9 |      14 |       9 |  39.1
        D:4 |     310 |      23 |   6.9 |      31 |       3 |   8.8
        D:5 |    1056 |       0 |   0.0 |      22 |       0 |   0.0
        D:6 |     755 |       0 |   0.0 |      23 |       0 |   0.0
        D:7 |    2357 |     802 |  25.4 |      45 |       4 |   8.2
        D:8 |    1445 |     648 |  31.0 |      31 |       5 |  13.9
     Lair:1 |    2302 |     711 |  23.6 |       9 |       3 |  25.0
     Lair:2 |    3264 |    8010 |  71.0 |      14 |      50 |  78.1
     Lair:3 |     839 |    1299 |  60.8 |       4 |      19 |  82.6
     Lair:4 |    4408 |     900 |  17.0 |      13 |       3 |  18.8
            +---------+---------+-------+---------+---------+-------
